 Dungeon Crawl Stone Soup version 0.29-a0-334-gb41bcbb86e (webtiles) character file.

Game seed: 18043295904001125142

214 zeratav the Insei (level 5, -3/35 HPs)
             Began as an Octopode Transmuter on Apr 14, 2022.
             Slain by a gnoll
             ... wielding a +0 flail
              (10 damage)
             ... on level 3 of the Dungeon.
             The game lasted 00:06:12 (3772 turns).

zeratav the Insei (Octopode Transmuter)             Turns: 3772, Time: 00:06:12

Health: -3/35      AC:  1    Str:  9    XL:     5   Next: 91%
Magic:  2/8        EV: 14    Int: 15    God:
Gold:   195        SH:  0    Dex: 15    Spells: 4/8 levels left

rFire   . . .      SeeInvis .     - Unarmed
rCold   . . .      Faith    .   (no shield)
rNeg    . . .      Spirit   .   (helmet restricted)
rPois   .          Reflect  .   (no amulet)
rElec   .          Harm     .   (no ring)
rCorr   .          Rampage  .   (no ring)
Will    .....                   (no ring)
Stlth   +++.......              (no ring)
HPRegen 0.11/turn               (no ring)
MPRegen 0.11/turn               (no ring)
                                (no ring)
                                (no ring)

@: no status effects
A: almost no armour, amphibious, 8 rings, camouflage 1, gelatinous body 1,
(nimble swimmer 1), tentacles
a: no special abilities


You were on level 3 of the Dungeon.
You visited 1 branch of the dungeon, and saw 3 of its levels.
You also visited: Sewer.

You collected 195 gold pieces.


Innate Abilities, Weirdness & Mutations

You cannot wear most types of armour.
You are amphibious.
You can wear up to eight rings at the same time.
Your skin changes colour to match your surroundings (Stealth+).
Your rubbery body absorbs attacks. (AC +1, EV +1)
((You are camouflaged when in or above water. (Stealth+)))
You have tentacles for arms and can constrict up to eight enemies at once.


   Skills:
 + Level 2.5 Fighting
 + Level 3.1 Dodging
 + Level 3.2 Stealth
 * Level 4.6 Unarmed Combat
 - Level 2.0 Spellcasting
 - Level 2.0 Transmutations


You had 4 spell levels left.
You knew the following spells:

 Your Spells              Type           Power      Damage    Failure   Level
a - Beastly Appendage     Tmut           14%        N/A       10%         1
b - Spider Form           Tmut/Pois      4%         N/A       41%         3

Your spell library contained the following spells:

 Spells                   Type           Power      Damage    Failure   Level
 Wereblood                Tmut           7%         N/A       14%         2
 Ice Form                 Ice/Tmut       4%         N/A       82%         4

Inventory:

Scrolls
 b - 2 scrolls of fear {unknown}
 c - 3 scrolls of teleportation {unknown}
 d - 7 scrolls of identify {unknown}
 e - a scroll of enchant weapon {unknown}
 i - a scroll of fog {unknown}
 k - 2 scrolls of immolation {unknown}
 n - a scroll of blinking {unknown}
 q - a scroll of vulnerability {unknown}
Potions
 a - 3 potions of lignification {!q}
 f - a potion of curing {unknown}
 g - a potion of berserk rage {unknown}
 h - a potion of resistance {unknown}
 j - a potion of cancellation {unknown}
 l - a potion of ambrosia {unknown}
 m - a potion of magic {unknown}
 o - 5 potions of flight

Dungeon Overview and Level Annotations

Branches:
Dungeon (3/15)              Sewer (visited)

Altars:
The Shining One

Shops:
D:3

( ..........# #.....###
#.......# #.....###
#.......#########........
#.......#.............###
#........................
########............#..#.
#)...........##.#.
#g########...##...
###@########...##... .
#.........##........ ..
#.........###..##...
...#######..)......# #.......
...................# #..##.#.
...........#.##...## #.......
...........#.####.# ##..##.#.
...........#.####.###......#.
#..........'........^........


You could see a gnoll.


Message History

You open the large door.
There is a large open door here.
You now have 132 gold pieces (gained 12).
MP[+1]
You now have 143 gold pieces (gained 11).
You now have 158 gold pieces (gained 15).
You now have 167 gold pieces (gained 9).
There is a large open door here.
There is a large open door here.
MP[+1]
Your mp is fully restored (8).
You drop a scroll of noise {!r}.
There is a gate leading back out of this place here.
Welcome back to the Dungeon!
There is a collapsed entrance here.
d - 7 scrolls labelled ZYSUOM DAOPP (gained 1)
You now have 176 gold pieces (gained 9).
You now have 186 gold pieces (gained 10).
You now have 195 gold pieces (gained 9).
Things that are here:
a +0 scale mail; a +0 short sword {short}
Things that are here:
a rat skeleton; a ball python skeleton You open the door.
There is an open door here.
A gnoll comes into view. It is wielding a +0 flail.
Casting: Spider Form (quite dangerous; 41% risk of failure)
Confirm with . or Enter, or press ? or * to list all spells.
The spell is quite dangerous to miscast (41% risk of failure)!
Continue anyway?
You miscast Spider Form.
You are very lightly contaminated with residual magic.
Nothing appears to happen.
The gnoll shouts!
MP[-3]
You lost 3 mp, and now have 5/8 mp.
Casting: Spider Form (quite dangerous; 41% risk of failure)
Confirm with . or Enter, or press ? or * to list all spells.
The spell is quite dangerous to miscast (41% risk of failure)!
Continue anyway?
You turn into a venomous arachnid creature.
A gnoll comes into view. It is wielding a +0 club.
MP[-3]
You lost 3 mp, and now have 2/8 mp.
A gnoll comes into view. It is wielding a +0 flail.
Your transformation is almost over.
The gnoll shouts!
Your magical contamination has completely faded away.
MP[+1]
The gnoll shouts!
You bite the gnoll!
The gnoll is poisoned.
The gnoll hits you with a +0 flail!
HP[-9]
You take 9 damage, and now have 26/35 hp.
MASSIVE DAMAGE!! (PAUSE)
You hit the gnoll but do no damage.
The gnoll looks as sick as possible!
The gnoll misses you.
You hit the gnoll but do no damage.
Your transformation has ended.
You kill the gnoll!
A gnoll comes into view. It is wielding a +0 whip.
There is an open door here.
Casting: Spider Form (quite dangerous; 41% risk of failure)
Confirm with . or Enter, or press ? or * to list all spells.
The spell is quite dangerous to miscast (41% risk of failure)!
Continue anyway?
You turn into a venomous arachnid creature.
MP[-2]
You lost 2 mp, and now have 1/8 mp.
You hit the gnoll but do no damage. The gnoll misses you.
HP[+1]
You hit the gnoll.
The gnoll is poisoned.
The gnoll misses you.
You hit the gnoll but do no damage.
The gnoll looks even sicker.
Your transformation is almost over.
The gnoll misses you.
You hit the gnoll.
The gnoll looks as sick as possible!
You kill the gnoll!
The gnoll hits you with a +0 whip! The gnoll misses you.
Things that are here:
a +0 club {mace}; a gnoll corpse; HP[-8]
You take 8 damage, and now have 19/35 hp.
MASSIVE DAMAGE!! (PAUSE)
There is an open door here.
You hit the gnoll. The gnoll completely misses you.
You hit the gnoll but do no damage. The gnoll misses you.
You barely miss the gnoll. The gnoll closely misses you.
MP[+1]
You hit the gnoll. The gnoll barely misses you.
You hit the gnoll.
The gnoll is poisoned.
The gnoll misses you.
HP[+1]
You hit the gnoll but do no damage.
The gnoll looks as sick as possible!
You kill the gnoll!
You barely miss the gnoll.
Your transformation has ended.
The gnoll hits you with a +0 flail!
* * * LOW HITPOINT WARNING * * *
HP[-13]
You take 13 damage, and now have 7/35 hp.
MASSIVE DAMAGE!! (PAUSE)
You tentacle-slap the gnoll but do no damage.
You grab the gnoll. You squeeze the gnoll.
You constrict the gnoll, but do no damage.
The gnoll hits you with a +0 flail!
You die...

Skill      XL: |  1  2  3  4  5 |
---------------+----------------+-----
Stealth        | 1 2 3 |  3.2
Fighting       | 2 |  2.5
Unarmed Combat | 4 |  4.6
Dodging        | 3 |  3.1
Spellcasting   | |  2.0
Transmutations | |  2.0

Action                   |  1- 3 |  4- 6 || total
-------------------------+-------+-------++-------
Melee: Unarmed           |    60 |   118 ||   178
       Kick              |    19 |    12 ||    31
       Constrict         |    16 |    20 ||    36
       Tentacles         |    13 |    16 ||    29
       Punch             |     2 |     6 ||     8
 Cast: Beastly Appendage |    23 |    12 ||    35
       Spider Form       |       |     6 ||     6
 Stab: Sleeping          |     9 |     4 ||    13
Armor: Skin              |     3 |    14 ||    17
Dodge: Dodged            |    32 |   101 ||   133

Levels and vault maps discovered:
D:1:      giann_wishing_wells, layout_loops_ring,
          shapermc_ecumenical_altar_mp_vishouse
D:2:      layout_loops_corners, basic_altar, due_unseen_surprise
D:3:      layout_basic, serial_shops, nicolae_shop_crystal,
          nicolae_shop_temple_entry_statues_fountains, shop,
          portal_sewer_entry_a

Notes
Turn   | Place    | Note
-------+----------+-------------------------------------------
     0 | D:1      | zeratav the Octopode Transmuter began the quest for the
                  | Orb.
     0 | D:1      | Reached XP level 1. HP: 13/13 MP: 3/3
     0 | D:1      | magus.rc [v1.9.6]
   282 | D:1      | Reached XP level 2. HP: 16/18 MP: 3/5
   368 | D:1      | Reached skill level 1 in Stealth
   629 | D:1      | Found a faded altar of an unknown god.
   769 | D:2      | Found the +4 dagger "Morg" {pain, Will+ Int+5}
   826 | D:2      | Reached XP level 3. HP: 18/23 MP: 4/6
   916 | D:2      | Found a glowing golden altar of the Shining One.
  1489 | D:2      | Reached skill level 2 in Stealth
  1489 | D:2      | Reached XP level 4. HP: 20/29 MP: 5/7
  2147 | D:3      | Found Jiraskot's Weapon Emporium.
  2232 | D:3      | Learned a level 3 spell: Spider Form
  2288 | D:3      | Reached skill level 2 in Fighting
  2288 | D:3      | Reached skill level 4 in Unarmed Combat
  2539 | D:3      | Found a glowing drain.
  2565 | Sewer    | Entered a sewer
  2747 | Sewer    | Reached XP level 5. HP: 31/34 MP: 6/8
  2932 | Sewer    | Reached skill level 3 in Dodging
  3330 | Sewer    | Reached skill level 3 in Stealth
  3331 | Sewer    | HP: 3/35 [river rat (7)]
  3771 | D:3      | HP: 7/35 [gnoll/+0 flail (13)]
  3772 | D:3      | Slain by a gnoll

Vanquished Creatures
  An orc wizard (D:3)
  3 gnolls (D:3)
  5 adders
  3 river rats (Sewer)
  2 worms (D:2)
  A dart slug (D:2)
  3 orcs (D:3)
  11 ball pythons
  9 bats
  6 endoplasms
  6 giant cockroaches
  9 goblins
  4 hobgoblins
  2 jackals (Sewer)
  3 quokkas
  6 frilled lizards
  3 rats
77 creatures vanquished.

Table legend:
 A = Non-vault XP
 B = Vault XP
 C = Vault XP percentage of total XP
 D = Non-vault monster count
 E = Vault monster count
 F = Vault count percentage of total count
                 A         B        C        D         E       F
            +---------+---------+-------+---------+---------+-------
      Total |     190 |     116 |  37.9 |      47 |      30 |  39.0
            +---------+---------+-------+---------+---------+-------
        D:1 |      23 |       0 |   0.0 |      12 |       0 |   0.0
        D:2 |      67 |       0 |   0.0 |      21 |       0 |   0.0
        D:3 |     100 |       9 |   8.3 |      14 |       6 |  30.0
      Sewer |       0 |     107 | 100.0 |       0 |      24 | 100.0
            +---------+---------+-------+---------+---------+-------

Illustrated notes

Table legend:
 A = Kills in this place as a percentage of kills in entire the game.
 B = Kills by you in this place as a percentage of kills by you in the entire game.
 C = Kills by friends in this place as a percentage of kills by friends in the entire game.
 D = Other kills in this place as a percentage of other kills in the entire game.
 E = Experience gained in this place as a percentage of experience gained in the entire game.
 F = Experience gained in this place divided by the number of levels of this place that you have seen.
                   A       B       C       D       E      F
               +-------+-------+-------+-------+-------+----------------------
         Total | 100.0 | 100.0 |   N/A |   N/A | 100.0 |  76.5
       Dungeon |  68.8 |  68.8 |   N/A |   N/A |  65.0 |  66.3
         Sewer |  31.2 |  31.2 |   N/A |   N/A |  35.0 | 107.0
               +-------+-------+-------+-------+-------+----------------------

Table legend: (Time is in decaauts)
 A = Elapsed time spent in this place.
 B = Non-inter-level travel time spent in this place.
 C = Inter-level travel time spent in this place.
 D = Time resting spent in this place.
 E = Time spent auto-exploring this place.
 F = Levels seen in this place.
 G = Mean time per level.
                   A        B        C        D        E       F      G
               +--------+--------+--------+--------+--------+-----+--------+
         Total |   3759 |   3677 |     82 |   1158 |   1644 |   4 |  939.8 |
       Dungeon |   2676 |   2594 |     82 |    479 |   1644 |   3 |  892.0 |
         Sewer |   1082 |   1082 |      0 |    679 |      0 |   1 | 1082.0 |
               +--------+--------+--------+--------+--------+-----+--------+

Top non-repeatable levels by time:
     D:2: 1378 daAuts
   Sewer: 1082 daAuts
     D:1: 744 daAuts
     D:3: 554 daAuts
